 Dungeon Crawl Stone Soup version 0.29.1-2-gbd0b4ee654 (webtiles) character file.

Game seed: 12796442128144431980

1517 qeuew the Shield-Bearer (level 8, -3/42 HPs)
             Began as a Vine Stalker Fighter on Nov 8, 2022.
             Was an Initiate of Gozag.
             Killed by divine providence
             ... invoked by an orc priest
              (11 damage)
             ... on level 6 of the Dungeon.
             The game lasted 00:05:46 (4982 turns).

qeuew the Shield-Bearer (Vine Stalker Fighter)      Turns: 4982, Time: 00:05:48

Health: -3/42      AC: 11    Str: 26    XL:     8   Next: 83%
Magic:  0/14       EV: 11    Int: 10    God:    Gozag
Gold:   584        SH:  5    Dex: 13    Spells: 13/14 levels left

rFire   . . .      SeeInvis .   a - +0 war axe
rCold   . . .      Faith    .   c - +0 buckler
rNeg    . . .      Spirit   +   b - +1 scale mail
rPois   .          Reflect  .   (no helmet)
rElec   .          Harm     .   (no cloak)
rCorr   .          Rampage  .   (no gloves)
Will    +....                   f - +2 pair of boots
Stlth   ..........              (no amulet)
HPRegen 0.94/turn               l - +6 ring of strength
MPRegen 0.14/turn               (no ring)

@: no status effects
A: fangs 3, regeneration 1, magic shield, antimagic bite, no potion heal 2
a: Renounce Religion, Potion Petition, Call Merchant, Bribe Branch


You were on level 6 of the Dungeon.
You worshipped Gozag.
Gozag was pleased with you.
You visited 1 branch of the dungeon, and saw 6 of its levels.

You collected 628 gold pieces.
You paid 44 gold pieces to Gozag.

Inventory:

Hand Weapons
 a - a +0 war axe (weapon)
Armour
 b - a +1 scale mail (worn)
 c - a +0 buckler (worn)
 f - a +2 pair of boots (worn)
Jewellery
 l - a +6 ring of strength (left hand)
Wands
 o - a wand of paralysis (9)
 p - a wand of digging (4)
Scrolls
 i - a scroll of enchant weapon
 j - a scroll of brand weapon
 m - a scroll of magic mapping {unknown}
 n - 2 scrolls of identify
Potions
 d - 2 potions of invisibility
 e - a potion of might
 g - 2 potions of flight
 h - a potion of curing
 k - 2 potions of resistance {unknown}


   Skills:
 + Level 4.6 Fighting
 + Level 4.1 Axes
 + Level 4.1 Armour
 + Level 3.2 Dodging
 + Level 4.6 Shields
 + Level 3.9 Spellcasting
 + Level 2.9 Conjurations


You had 13 spell levels left.
You knew the following spells:

 Your Spells              Type           Power      Damage    Failure   Level
a - Magic Dart            Conj           28%        1d4       22%         1

Your spell library contained the following spells:

 Spells                   Type           Power      Damage    Failure   Level
 Necrotise                Necr           4%         1d4       58%         1
 Call Imp                 Summ           1%         N/A       75%         2
 Mephitic Cloud           Conj/Pois/Air  3%         N/A       83%         3
 Vampiric Draining        Necr           1%         2d6       92%         3
 Airstrike                Air            0%         2d(1-17)  100%        4
 Agony                    Necr           1%         N/A       100%        5
 Haunt                    Necr/Summ      0%         N/A       100%        7
 Necromutation            Tmut/Necr      0%         N/A       100%        8


Dungeon Overview and Level Annotations

Branches:
Dungeon (6/15)             Temple (0/1) D:4

Altars:
Gozag
Kikubaaqudgha
Okawaru
Uskayaw
Wu Jian
Yredelemnul
Zin
The Shining One

Annotations:
D:6 1 runed translucent door, Crazy Yiuf


Innate Abilities, Weirdness & Mutations

You have razor-sharp teeth.
Your natural rate of healing is unusually fast.
When hurt, damage is shared between your health and your magic reserves.
Your bite disrupts and absorbs the magic of your enemies.
Potions cannot restore your health.


Message History

The orc warrior hits you but does no damage.
The orc priest invokes the aid of Beogh against you.
Pain shoots through your body!
The orc warrior hits you from afar with a +0 halberd!
* * * LOW HITPOINT WARNING * * *
Unknown command.
Unknown command.
Okay, then.
The orc priest barely misses you. You block the orc warrior's attack.
You slash the orc warrior! Your bite misses the orc warrior.
The orc warrior is almost dead.
You slash the orc priest!
The orc priest hits you but does no damage.
You block the orc warrior's attack.
An electric eel comes into view.
The orc priest hits you but does no damage.
You hit the orc warrior.
You kill the orc warrior!
You hit the orc priest.
The electric eel shoots out a bolt of lightning at you!
The bolt of electricity hits you.
The orc priest mumbles some strange prayers to Beogh against you.
Pain shoots through your body!
* * * LOW HITPOINT WARNING * * *
The orc priest attacks as you move away!
The orc priest barely misses you.
You hit the orc priest.
The orc priest is almost dead.
The orc priest hits you with a +0 short sword.
* * * LOW HITPOINT WARNING * * *
You closely miss the orc priest. Your bite misses the orc priest.
The orc priest is almost dead.
The orc priest closely misses you. The orc priest barely misses you.
You hit the orc priest but do no damage.
Your bite misses the orc priest.
The orc priest is almost dead.
The orc priest mumbles some strange prayers to Beogh against you.
Beogh smites you!
You die...
Your body crumbles into a pile of gold.

##### ....# ###.# #
#.##############
###..............#
.......##.######.#
#####..##....# #@#
#####..##.##.# #o#
.............###$$...#
~.~.....~~.~.......#...#
~~..~~...~~....~....# .#
≈≈~~~~~~≈≈≈~≈~~S~.~..#
≈≈≈≈≈≈~~~≈≈≈≈≈≈≈..~~...
PPP~~.~~~~≈≈≈≈≈≈.~~~~...
.~...~~.~~P~≈≈≈≈≈≈.~..~.


You could see an electric eel and an orc priest.

Vanquished Creatures
  Eustachio (D:5)
  A water moccasin (D:6)
  An orc warrior (D:6)
  3 black bears
  2 centaurs
  A phantom (D:6)
  A necrophage (D:5)
  2 scorpions
  2 hounds (D:5)
  2 orc priests (D:5)
  A jelly (D:5)
  Terence (D:3)
  An iguana (D:5)
  Natasha (thrice) (D:4)
  2 orc wizards (D:5)
  4 gnolls
  4 adders
  3 worms (D:2)
  13 orcs
  8 ball pythons
  4 bats
  5 endoplasms
  5 giant cockroaches
  6 goblins
  11 hobgoblins
  4 jackals (D:1)
  2 quokkas (D:1)
  2 frilled lizards
  3 kobolds
  5 rats
103 creatures vanquished.

Vanquished Creatures (others)
  15 plants (D:6)
15 creatures vanquished.

Grand Total: 118 creatures vanquished

Notes
Turn   | Place    | Note
-------+----------+-------------------------------------------
     0 | D:1      | qeuew the Vine Stalker Fighter began the quest for the Orb.
     0 | D:1      | Reached XP level 1. HP: 11/11 MP: 2/2
   338 | D:1      | Reached XP level 2. HP: 13/16 MP: 3/3
   731 | D:1      | Reached XP level 3. HP: 13/19 MP: 3/5
  1419 | D:2      | Reached skill level 1 in Spellcasting
  1634 | D:2      | Found a basalt altar of Yredelemnul.
  1895 | D:2      | Gained mutation: Your natural rate of healing is unusually
                  | fast. [Vine Stalker growth]
  1895 | D:2      | Reached XP level 4. HP: 23/24 MP: 6/6
  2141 | D:3      | Found a glowing golden altar of the Shining One.
  2144 | D:3      | Found an opulent altar of Gozag.
  2154 | D:3      | Became a worshipper of Gozag Ym Sagoz the Greedy
  2188 | D:3      | Noticed Terence
  2205 | D:3      | Killed Terence
  2206 | D:3      | Reached skill level 1 in Dodging
  2266 | D:3      | Found an ornate altar of the Wu Jian Council.
  2321 | D:3      | Noticed a scorpion
  2322 | D:3      | Found a hide-covered altar of Uskayaw.
  2329 | D:3      | Killed a scorpion
  2330 | D:3      | Reached XP level 5. HP: 28/28 MP: 6/8
  2359 | D:3      | Got the Disquisition on the Sepulchral Sky
  2365 | D:3      | Noticed a floating eye
  2369 | D:3      | Found a faded altar of an unknown god.
  2371 | D:3      | Noticed an eye of devastation
  2371 | D:3      | Noticed a golden eye
  2371 | D:3      | Noticed a golden eye
  2907 | D:4      | Found an ancient bone altar of Kikubaaqudgha.
  2927 | D:4      | Noticed Natasha
  2935 | D:4      | Killed Natasha
  2949 | D:4      | Reached XP level 6. HP: 31/32 MP: 7/10
  3059 | D:4      | Found an iron altar of Okawaru.
  3105 | D:4      | Found a staircase to the Ecumenical Temple.
  3105 | D:4      | Noticed Natasha
  3112 | D:4      | Killed Natasha
  3243 | D:4      | Noticed Natasha
  3250 | D:4      | Killed Natasha
  3330 | D:4      | Learned a level 1 spell: Magic Dart
  3353 | D:5      | Entered Level 5 of the Dungeon
  3422 | D:5      | Reached XP level 7. HP: 37/37 MP: 9/11
  3462 | D:5      | Noticed Eustachio
  3499 | D:5      | Killed Eustachio
  3500 | D:5      | Reached skill level 1 in Conjurations
  3750 | D:5      | Gained mutation: You have razor-sharp teeth. [Vine Stalker
                  | growth]
  3750 | D:5      | Reached XP level 8. HP: 37/42 MP: 9/13
  3894 | D:5      | Found a glowing silver altar of Zin.
  4757 | D:6      | Found a runed translucent door.
  4758 | D:6      | Noticed Crazy Yiuf
  4982 | D:6      | Killed from afar by an orc priest

Illustrated notes

Levels and vault maps discovered:
D:1:      amcnicky_arrival_double_pillar, layout_loops_cross,
          serial_bayou_pond_d
D:2:      layout_basic, basic_altar, serial_corexii_hall,
          corexii_hall_statues_i, corexii_hall_statues_t,
          nicolae_kite_square_tiling_tiny, st_stairs_7
D:3:      layout_rooms, mainiacjoe_overflow_boulevard,
          nicolae_uskayaw_dance_hall, nicolae_overflow_squiral,
          hellmonk_ecumenical_altar_watching_god, guppyfry_early_orc_mine,
          uniq_terence
D:4:      layout_cave_pools, okawaru_metal_pillars_3,
          mainiacjoe_overflow_brackets, temple_fountains, serial_park,
          serial_park_avenue1, serial_park_tiny_2, serial_park_tiny_1,
          serial_park_tiny_pond, uniq_natasha
D:5:      layout_basic, mainiacjoe_overflow_small_starburst, minmay_door_square,
          uniq_eustachio
D:6:      layout_loops_ring, amcnicky_mini_rare_corridor_liquid,
          chequers_big_river, minmay_tree_intersection, uniq_crazy_yiuf_cottage

Skill      XL: |  1  2  3  4  5  6  7  8 |
---------------+-------------------------+-----
Axes           | 2 3 4 |  4.1
Fighting       | 3 4 |  4.6
Shields        | 3 4 |  4.6
Spellcasting   | 1 2 3 |  3.9
Dodging        | 1 2 3 |  3.2
Armour         | 3 4 |  4.1
Conjurations   | 1 2 |  2.9

Action                   |  1- 3 |  4- 6 |  7- 9 || total
-------------------------+-------+-------+-------++-------
Melee: War axe           |   107 |   106 |   110 ||   323
       Bite              |    17 |    28 |    41 ||    86
  Use: Scroll            |     5 |     7 |     2 ||    14
       Potion            |     2 |     1 |       ||     3
Armor: Scale mail        |    50 |    60 |    88 ||   198
Dodge: Dodged            |    46 |    55 |    81 ||   182
Block: Buckler           |    22 |    33 |    45 ||   100
